 Dungeon Crawl Stone Soup version 0.23-a0-386-g9c9d49f (webtiles) character file.

25225 smcx the Fighter (level 12, -1/193 HPs)
             Began as a Minotaur Berserker on Oct 27, 2018.
             Was a High Priest of Trog.
             Slain by a tentacled monstrosity (12 damage)
             ... on level 1 of the Abyss on Oct 28, 2018.
             The game lasted 00:54:07 (15475 turns).

smcx the Fighter (Minotaur Berserker)              Turns: 15475, Time: 00:54:08

Health: -1/193     AC: 22    Str: 33    XL:     12   Next: 87%
Magic:  3/3        EV:  9    Int: -8 (1) God:    Trog [*****.]
Gold:   1129       SH:  0    Dex: 11    Spells: 11/11 levels left

rFire    x . .     SeeInvis .   a - +8 executioner's axe (antimagic)
rCold    + + +     Gourm    .   (shield currently unavailable)
rNeg     . . .     Faith    .   G - +7 ring mail of Spring {rF- rC+++ MR++ Int-5}
rPois    .         Spirit   .   (helmet restricted)
rElec    .         Reflect  .   L - +2 cloak
rCorr    +         Harm     .   i - +0 pair of gloves
MR       ++...                  (no boots)
Stlth    ..........             (no amulet)
HPRegen  0.42/turn              T - +2 ring of strength
MPRegen  0.08/turn              o - ring of resist corrosion

@: berserking, slowed, lost intelligence, constricted
A: retaliatory headbutt, horns 2, slimy green scales 1, blurry vision 1, clever
1, robust 1, MP-powered wands
a: Berserk, Trog's Hand, Brothers in Arms, Renounce Religion


You were on level 1 of the Abyss.
You worshipped Trog.
Trog was extremely pleased with you.
You were not hungry.

You visited 3 branches of the dungeon, and saw 15 of its levels.
You visited the Abyss 1 time.
You also visited: Sewer.

You collected 1129 gold pieces.

Inventory:

Hand Weapons
 a - a +8 antimagic executioner's axe (weapon)
 b - the +3 mace "Goblinslayer" {crush, rElec rPois Dex+2 Stlth-}
   (You found it on level 2 of the Lair of Beasts)

   It inflicts extra damage upon your enemies.
   It affects your dexterity (+2).
   It insulates you from electricity.
   It protects you from poison.
   It makes you less stealthy.
 g - a +1 hand axe of electrocution
 P - a +0 mace
 V - a +0 trident of freezing
Missiles
 O - 7 poisoned tomahawks (quivered)
Armour
 i - a +0 pair of gloves (worn)
 u - a +2 cloak
 D - a +0 buckler
 G - the +7 ring mail of Spring (worn) {rF- rC+++ MR++ Int-5}
   (You found it on level 7 of the Dungeon)

   It affects your intelligence (-5).
   It makes you vulnerable to fire.
   It renders you almost immune to cold.
   It affects your resistance to hostile enchantments.
 L - a +2 cloak (worn)
Jewellery
 n - an uncursed ring of see invisible
 o - a ring of resist corrosion (right hand)
 I - an uncursed ring of flight
 Q - a +5 ring of slaying
 T - a +2 ring of strength (left hand)
Wands
 s - a wand of disintegration (13)
 A - a wand of flame (1)
 E - a wand of random effects (24)
 J - a wand of paralysis (21)
 U - a wand of scattershot (4)
Scrolls
 e - 2 scrolls of random uselessness {unknown}
 h - 2 scrolls of fog {unknown}
 j - 3 scrolls of fear {unknown}
 k - 5 scrolls of teleportation
 l - a scroll of amnesia {unknown}
 r - 2 scrolls of blinking {unknown}
 t - 3 scrolls of magic mapping {unknown}
 y - a scroll of holy word {unknown}
 K - 5 scrolls of remove curse {unknown}
 M - a scroll of noise {unknown}
 N - 2 scrolls of enchant armour {unknown}
 R - a scroll of identify
 W - a scroll of silence {unknown}
Potions
 d - 3 potions of flight
 f - 9 potions of curing
 m - a potion of lignification {unknown}
 p - 4 potions of brilliance
 q - a potion of berserk rage {unknown}
 v - 3 potions of haste {unknown}
 w - 2 potions of agility {unknown}
 x - a potion of magic {unknown}
 z - a potion of might {unknown}
 B - 2 potions of mutation
 C - 3 potions of resistance {unknown}
 F - 5 potions of heal wounds {unknown}
 S - a potion of ambrosia {unknown}
Comestibles
 c - 27 rations


   Skills:
 + Level 14.8 Fighting
 + Level 14.4(14.6) Axes
 - Level 3.1(10.1) Maces & Flails
 - Level 1.8(9.8) Polearms
 + Level 14.6 Armour
 - Level 2.1 Dodging


You had 11 spell levels left.
You didn't know any spells.
Your spell library was empty.

Dungeon Overview and Level Annotations

Branches:
Dungeon (11/15)            Temple (1/1) D:6            Lair (3/6) D:10
 Spider (0/4) Lair:2          Orc (0/2) D:9
  Swamp: Lair:2-4    Shoals: Lair:2-4

Altars:
Ashenzari
Cheibriados
Dithmenos
Elyvilon
Fedhas
Gozag
Hepliaklqana
Kikubaaqudgha
Makhleb
Nemelex Xobeh
Okawaru
Qazlal
Ru
Sif Muna
Trog
Uskayaw
Vehumet
Wu Jian
Xom
Yredelemnul
Zin
The Shining One
Beogh
Jiyva

Annotations:
Lair:3 Sonja


Innate Abilities, Weirdness & Mutations

You reflexively headbutt those who attack you in melee.
You have a pair of horns on your head.
You are partially covered in slimy green scales. (AC +2)
Scrolls take you a little longer to read.
Your mind is acute. (Int +2)
You are robust. (+10% HP)
You expend magic power (3 MP) to strengthen your wands.


Message History

The tentacled monstrosity barely misses you.
The tentacled monstrosity closely misses you.
The tentacled monstrosity tentacle-slaps you!
* * * LOW HITPOINT WARNING * * *
The tentacled monstrosity constricts you.
A red film seems to cover your vision as you go berserk!
You feel yourself moving faster!
You feel mighty!
You feel quite a bit more hungry.
A guardian serpent comes into view.
The tentacled monstrosity tentacle-slaps you!
* * * LOW HITPOINT WARNING * * *
The tentacled monstrosity barely misses you.
The tentacled monstrosity tentacle-slaps you.
* * * LOW HITPOINT WARNING * * *
x2 The tentacled monstrosity constricts you.
You carve the tentacled monstrosity like a ham!!!
You headbutt the tentacled monstrosity!
The tentacled monstrosity is heavily wounded.
The tentacled monstrosity tentacle-slaps you!
You die...

.. # ## ..# #. #
# ..## .#.. ...#
...###.#.###
#..........
####.........
#..#...#X.....#.
#......@........
.#...........#..
................
................
#.##..#.........
. ##_#..S......
###........
.###.####.


You could see a tentacled monstrosity and a guardian serpent.

Vanquished Creatures
  3 hydras
  A wretched star (Abyss:1)
  An unseen horror (D:11)
  Pikel (D:5)
  A wolf spider (Lair:2)
  2 cyclopes (D:11)
  2 slime creatures (D:11)
  Maurice (D:8)
  A black mamba (Lair:2)
  A smoke demon (Abyss:1)
  2 spiny frogs
  A gargoyle (D:7)
  Joseph (D:8)
  2 komodo dragons
  2 rime drakes
  An ancient zyme (Abyss:1)
  12 blink frogs
  9 raiju (Abyss:1)
  A hornet (D:9)
  2 hippogriffs
  11 yaks (Lair:2)
  A steam dragon (D:8)
  2 hungry ghosts
  A neqoxec (Abyss:1)
  3 wargs
  Edmund (D:5)
  A soldier ant (D:11)
  6 water moccasins
  3 porcupines
  A sky beast (D:10)
  10 orc warriors
  5 ice beasts
  3 phantoms
  A wolf (Lair:3)
  2 black bears
  6 ogres
  6 centaurs
  3 crocodiles
  A big kobold (Sewer)
  A wyvern zombie (D:7)
  5 bullfrogs
  2 small abominations (Abyss:1)
  2 scorpions
  9 killer bees
  5 wights
  6 crimson imps
  4 howler monkeys
  A bullfrog zombie (D:7)
  A quasit (D:10)
  A jelly (Abyss:1)
  7 orc priests
  6 hounds
  3 bullfrog skeletons
  4 iguanas
  16 orc wizards
  7 worker ants
  4 hound zombies
  11 adders
  18 river rats
  12 white imps (Lair:1)
  An ufetubus (Abyss:1)
  An ooze (D:4)
  An adder zombie (D:7)
  3 worms
  A dart slug (D:1)
  11 leopard geckos
  64 orcs
  A ball python (D:6)
  6 bats
  3 giant cockroaches
  6 goblins
  9 hobgoblins
  3 jackals
  14 kobolds
  11 quokkas
  5 frilled lizards
  A leopard gecko skeleton (D:4)
  A quokka skeleton (D:8)
  21 rats
402 creatures vanquished.

Vanquished Creatures (collateral kills)
  A rakshasa (Abyss:1)
  A glowing orange brain (Abyss:1)
  The ghost of feelmyfire the Martial Artist, a novice OpTm of Cheibriados (D:7)
  A smoke demon (Abyss:1)
  An orange demon (Abyss:1)
  A troll (D:7)
  A small abomination (Abyss:1)
  A water moccasin (D:7)
  An ogre (D:10)
  A scorpion (D:7)
  A killer bee (D:7)
  An orc priest (D:10)
  A worker ant (D:7)
  A leopard gecko (D:7)
  14 orcs
  A quokka (D:7)
29 creatures vanquished.

Vanquished Creatures (others)
  A sky beast (D:5)
  3 slaves (D:5)
  A hound (D:5)
  An adder (D:7)
  An ooze (D:5)
  2 fungi
9 creatures vanquished.

Grand Total: 440 creatures vanquished

Notes
Turn   | Place    | Note
-------+----------+-------------------------------------------
     0 | D:1      | smcx the Minotaur Berserker began the quest for the Orb.
     0 | D:1      | Reached XP level 1. HP: 19/19 MP: 0/0
   322 | D:1      | Reached XP level 2. HP: 27/27 MP: 1/1
  1015 | D:2      | Reached XP level 3. HP: 18/33 MP: 2/2
  1405 | D:2      | Reached ** piety under Trog
  2029 | D:3      | Reached XP level 4. HP: 41/41 MP: 3/3
  2402 | D:3      | Found a deep blue altar of Sif Muna.
  2599 | D:3      | Found a stormy altar of Qazlal.
  2626 | D:3      | Found a blossoming altar of Fedhas.
  2972 | D:4      | Noticed an ogre
  2979 | D:4      | Killed an ogre
  2979 | D:4      | Reached skill level 5 in Fighting
  2979 | D:4      | Reached skill level 5 in Axes
  2979 | D:4      | Reached XP level 5. HP: 48/48 MP: 4/4
  3477 | D:4      | Found a bloodstained altar of Trog.
  3582 | D:4      | Reached XP level 6. HP: 35/56 MP: 5/5
  3797 | D:4      | Reached skill level 5 in Armour
  3962 | D:5      | Entered Level 5 of the Dungeon
  4009 | D:5      | Reached *** piety under Trog
  4103 | D:5      | Noticed a slave
  4104 | D:5      | Noticed Pikel
  4104 | D:5      | Noticed a slave
  4104 | D:5      | Noticed a slave
  4105 | D:5      | Noticed a slave
  4116 | D:5      | Killed Pikel
  4116 | D:5      | Reached XP level 7. HP: 66/66 MP: 6/6
  4179 | D:5      | Found an iron altar of Okawaru.
  4196 | D:5      | Found a shimmering altar of Xom.
  4222 | D:5      | Reached XP level 8. HP: 73/73 MP: 7/7
  4297 | D:5      | Noticed Edmund
  4314 | D:5      | Killed Edmund
  4563 | D:5      | Reached **** piety under Trog
  5374 | D:6      | Found a staircase to the Ecumenical Temple.
  5532 | D:6      | Reached XP level 9. HP: 82/82 MP: 8/8
  5728 | D:6      | Found a glowing drain.
  5743 | Sewer    | Entered a sewer
  5753 | Sewer    | Reached ***** piety under Trog
  5970 | Sewer    | Found a glowing silver altar of Zin.
  6022 | Sewer    | Gained mutation: You are robust. (+10% HP) [potion of
                  | mutation]
  6022 | Sewer    | Gained mutation: You are partially covered in slimy green
                  | scales. (AC +2) [potion of mutation]
  6022 | Sewer    | Gained mutation: Your mind is acute. (Int +2) [potion of
                  | mutation]
  6022 | Sewer    | Gained mutation: You expend magic power (3 MP) to
                  | strengthen your wands. [potion of mutation]
  6402 | Temple   | Entered the Ecumenical Temple
  6564 | D:7      | Noticed a troll
  6572 | D:7      | Killed a troll
  6669 | D:7      | Got a twisted ring mail
  6670 | D:7      | Identified the +7 ring mail of Spring {rF- rC+++ MR++
                  | Int-5} (You found it on level 7 of the Dungeon)
  6727 | D:6      | Upgraded the game from 0.23-a0-378-gd7a6ca6 to
                  | 0.23-a0-386-g9c9d49f
  6892 | D:7      | Found a runed door.
  6897 | D:7      | Found a basalt altar of Yredelemnul.
  6964 | D:7      | Noticed feelmyfire's ghost (novice OpTm)
  6965 | D:7      | Noticed a gargoyle
  6969 | D:7      | Found a runed gate.
  6969 | D:7      | Found a runed gate.
  6969 | D:7      | Found a runed gate.
  6989 | D:7      | Reached skill level 10 in Axes
  7013 | D:7      | Reached skill level 10 in Fighting
  7542 | D:7      | Found a shattered altar of Ashenzari.
  7598 | D:7      | Killed feelmyfire's ghost
  7598 | D:7      | Reached skill level 10 in Armour
  7600 | D:7      | Killed a gargoyle
  7600 | D:7      | Reached XP level 10. HP: 67/103 MP: 9/9
  8009 | D:8      | Noticed Joseph
  8027 | D:8      | Killed Joseph
  8495 | D:8      | Noticed Maurice
  8514 | D:8      | Killed Maurice
  8713 | D:8      | Found a radiant altar of Vehumet.
  8714 | D:8      | Found a burning altar of Makhleb.
  8802 | D:8      | Found a white marble altar of Elyvilon.
  8806 | D:8      | Found a glowing silver altar of Zin.
  8812 | D:8      | Found an ornate altar of the Wu Jian Council.
  8820 | D:8      | Found an ancient bone altar of Kikubaaqudgha.
  9406 | D:9      | Found a staircase to the Orcish Mines.
  9591 | D:9      | Found a hazy altar of Hepliaklqana.
  9784 | D:10     | Entered Level 10 of the Dungeon
  9880 | D:10     | Reached XP level 11. HP: 54/114 MP: 10/10
  9885 | D:10     | Received a gift from Trog
 10188 | D:10     | Found a roughly hewn altar of Beogh.
 10275 | D:10     | Found a staircase to the Lair.
 10856 | Lair:1   | Entered Level 1 of the Lair of Beasts
 10856 | Lair:1   | Noticed a five-headed hydra
 11364 | D:11     | Noticed an unseen horror
 11382 | D:11     | Killed an unseen horror
 12065 | Lair:1   | Killed a five-headed hydra
 12402 | Lair:1   | Reached skill level 1 in Polearms
 13002 | Lair:1   | Reached XP level 12. HP: 123/126 MP: 11/11
 13279 | Lair:2   | Noticed an eight-headed hydra
 13286 | Lair:2   | Killed an eight-headed hydra
 13592 | Lair:2   | Got an ancient jade ring
 13595 | Lair:2   | Identified the cursed ring "Wumn" {*Slow +Inv MR- Str-3
                  | SInv} (You found it on level 2 of the Lair of Beasts)
 13753 | Lair:2   | Got a twisted mace
 13754 | Lair:2   | Identified the +3 mace "Goblinslayer" {crush, rElec rPois
                  | Dex+2 Stlth-} (You found it on level 2 of the Lair of
                  | Beasts)
 13919 | Lair:2   | Reached skill level 1 in Maces & Flails
 14226 | Lair:2   | Found a hole to the Spider Nest.
 14433 | Lair:2   | Received a gift from Trog
 14866 | Lair:3   | Noticed a six-headed hydra
 14879 | Lair:3   | Killed a six-headed hydra
 15014 | Lair:3   | Noticed Sonja
 15023 | Lair:3   | Cast into level 1 of the Abyss (Sonja)
 15023 | Abyss:1  | Found a corrupted altar of Lugonu.
 15067 | Abyss:1  | Found a corrupted altar of Lugonu.
 15254 | Abyss:1  | Noticed a rakshasa
 15265 | Abyss:1  | Killed a rakshasa
 15304 | Abyss:1  | Lost intelligence.
 15306 | Abyss:1  | Gained mutation: Scrolls take you a little longer to read.
                  | [a neqoxec]
 15376 | Abyss:1  | Found a corrupted altar of Lugonu.
 15379 | Abyss:1  | HP: 4/129 [orange demon (5)]
 15448 | Abyss:1  | Found a corrupted altar of Lugonu.
 15470 | Abyss:1  | Noticed a tentacled monstrosity
 15475 | Abyss:1  | Slain by a tentacled monstrosity

Vault maps used:
D:1:      sevenhm_arrival_forest_fort_large_2
D:2:      first_ration
D:3:      nicolae_overflow_crystal_walls, marbit_many_paths,
          fedhas_altar_fruit_tree
D:4:      cheibrodos_old_hovel, kennysheep_mini
D:5:      lemuel_ratsnest, xom_confusion_cloud, kennysheep_okawaru_gauntlet,
          st_stairs_11, uniq_pikel, uniq_edmund
D:6:      minmay_temple_entry_trees, portal_sewer_entry_b, solitary_fountain
D:7:      gammafunk_ghost_split, basic_altar, dk_yredelemnul_ordeal
D:8:      grunt_temple_overflow_lords_of_destruction,
          grunt_temple_overflow_open, uniq_joseph, uniq_maurice
D:9:      old_standard_altar, david_orc_3
D:10:     erik_lair_orcish_takeover
Temple:   pf_slime_end_temple
Lair:1:   portal_ice_cave_entry_imps, grunt_megastairs_5
Lair:2:   spider_nest_entry_rubble, lemuel_fruit_fields
Lair:3:   serial_bayou_shore_a, uniq_sonja
Abyss:1:  evilmike_abyss_exit_glass
Sewer:    sewer_kobolds

Skill      XL: |  1  2  3  4  5  6  7  8  9 10 11 12 |
---------------+-------------------------------------+-----
Fighting       | 4 5 7 8 10 12 13 14 | 14.8
Axes           | 4 5 7 9 10 12 13 14 | 14.4
Armour         | 3 4 6 8 10 11 13 14 | 14.6
Polearms       | 1 |  1.8
Maces & Flails | 3 |  3.1
Dodging        | |  2.1

Action                   |  1- 3 |  4- 6 |  7- 9 | 10-12 || total
-------------------------+-------+-------+-------+-------++-------
Melee: Hand axe          |   117 |   100 |    73 |   456 ||   746
       Headbutt          |    12 |    21 |    43 |   141 ||   217
       War axe           |       |    24 |   195 |       ||   219
       Trident           |       |       |       |    42 ||    42
       Mace              |       |       |       |    68 ||    68
       Executioner's axe |       |       |       |    53 ||    53
Throw: Throwing net      |       |     1 |       |       ||     1
       Tomahawk          |       |       |       |     4 ||     4
Invok: Berserk           |       |     2 |     3 |     4 ||     9
       Brothers in Arms  |       |       |     2 |     4 ||     6
  Use: Scroll            |       |     3 |     2 |     8 ||    13
       Potion            |       |       |     3 |     4 ||     7
  Eat: Chunk             |     2 |     4 |    11 |     9 ||    26
       Ration            |     1 |     1 |     1 |     7 ||    10
Armor: Ring mail         |    34 |     9 |    22 |   274 ||   339
       Leather armour    |       |    15 |       |       ||    15
       Scale mail        |       |     9 |    69 |       ||    78
Dodge: Dodged            |    58 |    59 |   147 |   280 ||   544
Block: Buckler           |       |       |     7 |    40 ||    47

Table legend:
 A = Non-vault XP
 B = Vault XP
 C = Vault XP percentage of total XP
 D = Non-vault monster count
 E = Vault monster count
 F = Vault count percentage of total count
                 A         B        C        D         E       F
            +---------+---------+-------+---------+---------+-------
      Total |   30034 |    6002 |  16.7 |     312 |     119 |  27.6
            +---------+---------+-------+---------+---------+-------
        D:1 |      32 |       0 |   0.0 |      19 |       0 |   0.0
        D:2 |      53 |       0 |   0.0 |      25 |       0 |   0.0
        D:3 |      84 |       1 |   1.2 |      20 |       1 |   4.8
        D:4 |     261 |      36 |  12.1 |      13 |       1 |   7.1
        D:5 |     382 |    1511 |  79.8 |      12 |      39 |  76.5
        D:6 |     875 |      67 |   7.1 |      22 |       6 |  21.4
        D:7 |    1421 |    1086 |  43.3 |      39 |       6 |  13.3
        D:8 |    1883 |     922 |  32.9 |      27 |       3 |  10.0
        D:9 |     912 |     222 |  19.6 |      19 |       6 |  24.0
       D:10 |    1559 |    1300 |  45.5 |      21 |      35 |  62.5
       D:11 |    4350 |       0 |   0.0 |      27 |       0 |   0.0
     Lair:1 |    4785 |     123 |   2.5 |      17 |      12 |  41.4
     Lair:2 |    6343 |     573 |   8.3 |      25 |       1 |   3.8
     Lair:3 |    1428 |       0 |   0.0 |       4 |       0 |   0.0
    Abyss:1 |    5666 |       0 |   0.0 |      22 |       0 |   0.0
      Sewer |       0 |     161 | 100.0 |       0 |       9 | 100.0
            +---------+---------+-------+---------+---------+-------
